 Dungeon Crawl Stone Soup version 0.19.0-16-g73b5abf (webtiles) character file.

274 Andry07 the Skirmisher (level 6, -11/44 HPs)
             Began as a Gargoyle Fighter on Nov 10, 2016.
             Mangled by an ogre
             ... wielding a +0 giant club
              (13 damage)
             ... on level 4 of the Dungeon.
             The game lasted 00:02:34 (1565 turns).

Andry07 the Skirmisher (Gargoyle Fighter)           Turns: 1565, Time: 00:02:34

Health: -11/44     AC: 11    Str: 22    XL:     6   Next: 24%
Magic:  6/6        EV:  7    Int:  8    God:
Gold:   144        SH:  9    Dex:  9    Spells: 0 memorised, 5 levels left

rFire  . . .     SeeInvis .     a - +0 war axe
rCold  . . .     Gourm    .     b - +0 scale mail
rNeg   + . .     Faith    .     c - +0 shield
rPois  ∞         Spirit   .     (no helmet)
rElec  +         Reflect  .     (no cloak)
rCorr  .         Harm     .     (no gloves)
MR     .....                    (no boots)
Stlth  ..........               (no amulet)
                                (no ring)
                                (no ring)

@: no status effects
A: negative energy resistance 1, electricity resistance, unbreathing,
petrification resistance, rot immunity, AC +4
a: no special abilities


You were on level 4 of the Dungeon.
You were not hungry.

You visited 1 branch of the dungeon, and saw 4 of its levels.

You collected 144 gold pieces.

Inventory:

Hand Weapons
 a - a +0 war axe (weapon)
Armour
 b - a +0 scale mail (worn)
 c - a +0 shield (worn)
Wands
 r - a wand of flame (20/48)
Scrolls
 e - a scroll of immolation {unknown}
 h - 4 scrolls of identify {unknown}
 i - 2 scrolls of teleportation {unknown}
 k - a scroll of recharging {unknown}
 m - 2 scrolls of remove curse {unknown}
 n - a scroll of enchant armour {unknown}
 u - a scroll of enchant weapon {unknown}
Potions
 d - a potion of might
 j - 3 potions of agility {unknown}
 l - a potion of haste {unknown}
 o - a potion of heal wounds {unknown}
 p - a potion of flight {unknown}
 s - a potion of invisibility {unknown}
 t - a potion of resistance {unknown}
Comestibles
 f - 3 bread rations
 g - 2 slices of pizza
 q - 2 meat rations


   Skills:
 - Level 7.0 Fighting
 + Level 2.7 Axes
 - Level 3.2 Armour
 - Level 3.2 Shields


You had 5 spell levels left.
You didn't know any spells.

Dungeon Overview and Level Annotations

Branches:
Dungeon (4/15)
 Temple: D:4-7

Altars:


Innate Abilities, Weirdness & Mutations

You are resistant to torment.
Your stone body is resilient. (AC +4)
You are immune to poison.
You resist negative energy. (rN+)
You are resistant to electric shocks. (rElec)
You can survive without breathing.
You are immune to petrification.
You are immune to rotting.


Message History

You feel stronger.
HP restored.
An ogre comes into view. It is wielding a giant club.
The ogre shouts!
Found a scroll labeled XOESAS UTRONAE.
An ogre is nearby!
An ogre is nearby!
The ogre hits you with a giant club!!
Ouch! That really hurt!
You slash the ogre!
The ogre is moderately wounded.
You block the ogre's attack.
Your shield prevents you from hitting the ogre.
The ogre is moderately wounded.
The ogre hits you with a giant club!!
* * * LOW HITPOINT WARNING * * *
You are too injured to fight recklessly!
Found a scroll labeled TASOAKLOEMU.
The ogre hits you with a giant club!
You die...

#.## ###########.#....
#...........#...?
#.#.............
#.#.#########.###
#.#.#...........
#.#.#.###..##.######.#
#.#<....@O...........#
#.###########.########
#....................
#############.#######
..# ... ...#. ?..#..
....# .#


You could see an ogre.

Vanquished Creatures
  A bullfrog (D:4)
  Jessica (D:3)
  Natasha (thrice) (D:2)
  A worker ant zombie (D:3)
  2 adders
  An ooze (D:3)
  4 worms (D:2)
  2 dart slugs (D:1)
  A leopard gecko (D:3)
  A ball python (D:3)
  A giant cockroach (D:2)
  7 goblins
  9 hobgoblins
  2 jackals (D:3)
  7 kobolds
  8 bats
  9 frilled lizards
  5 rats (D:1)
65 creatures vanquished.

Notes
Turn   | Place    | Note
-------+----------+-------------------------------------------
     0 | D:1      | Andry07 the Gargoyle Fighter began the quest for the Orb.
     0 | D:1      | Reached XP level 1. HP: 14/14 MP: 1/1
    99 | D:1      | Reached XP level 2. HP: 15/20 MP: 2/2
   141 | D:1      | Reached skill level 4 in Fighting
   418 | D:1      | Reached XP level 3. HP: 19/24 MP: 3/3
   683 | D:2      | Noticed Natasha
   688 | D:2      | Killed Natasha
   688 | D:2      | Reached skill level 5 in Fighting
   688 | D:2      | Reached XP level 4. HP: 23/31 MP: 4/4
   785 | D:2      | Noticed Natasha
   789 | D:2      | Killed Natasha
   934 | D:2      | Reached skill level 6 in Fighting
   990 | D:2      | Reached XP level 5. HP: 36/36 MP: 5/5
  1001 | D:2      | Noticed Natasha
  1011 | D:2      | Killed Natasha
  1207 | D:3      | Noticed Jessica
  1217 | D:3      | Killed Jessica
  1497 | D:3      | Reached skill level 7 in Fighting
  1540 | D:4      | Reached XP level 6. HP: 43/44 MP: 6/6
  1557 | D:4      | HP: 1/44 [ogre/giant club (21)]
  1565 | D:4      | Mangled by an ogre

Skill      XL: |  1  2  3  4  5 |
---------------+----------------+-----
Fighting       | 4 5 6 7 |  7.0
Axes           | 2 |  2.7
Armour         | |  3.2
Shields        | |  3.2

Action                   |  1- 3 |  4- 6 || total
-------------------------+-------+-------++-------
Melee: War axe           |   126 |   137 ||   263
  Eat: Chunk             |       |     3 ||     3
Armor: Scale mail        |    76 |    74 ||   150
Dodge: Dodged            |    51 |    62 ||   113
Block: Shield            |    57 |    77 ||   134
